Map: Babylon LE

Players

Tayter

  • Race: Zerg Zerg
  • League: Diamond
  • Spawn Location: 11:00

IIIIIIIIIIII - Winner!

  • Race: Terran Terran
  • League: Diamond
  • Spawn Location: 5:00

VOD

Have the link to the VOD?

Description

Time

  • Played on: May 1, 2023, 3:44 p.m.
  • Length: 16:13
Show
View Real Time Build Order
Export as new Build Order

Tayter Zerg 

Build Orders: Hatch First 

Get SALT Encoding   

  12  0:00  Drone  
  13  0:12  Overlord  
  13  0:18  Drone  
  14  0:30  Drone x2  
  16  0:50  Hatchery  
  16  0:52  Drone  
  16  0:56  Drone  
  17  0:59  Drone  
  18  1:10  Extractor  
  17  1:14  Spawning Pool  
  17  1:17  Drone  
  17  1:21  Drone  
  18  1:27  Drone  
  19  1:41  Drone  
  20  1:50  Drone  
  21  2:01  Queen  
  21  2:03  Queen  
  21  2:04  Zergling x4  
  27  2:14  Drone, Overlord  
  28  2:23  Extractor  
  27  2:30  Drone  
  28  2:47  Hatchery  
  28  2:48  Drone x5  
  28  2:50  Queen  
  33  2:58  Overlord  
  33  3:09  Drone x2  
  35  3:16  Queen  
  35  3:19  Drone x2  
  39  3:23  Drone x3  
  42  3:33  Drone x2  
  44  3:37  Overlord  
  44  3:43  Overlord  
  44  3:53  Overlord  
  44  3:55  Queen  
  44  3:57  Drone x2  
  44  3:59  Zergling x6  
  44  4:01  Metabolic Boost  
  44  4:02  Queen  
  51  4:04  Queen  
  55  4:10  Drone x5  
  60  4:28  Drone x3  
  60  4:29  Drone  
  64  4:38  Queen  
  66  4:41  Queen  
  66  4:43  Drone  
  66  4:44  Drone x5  
  74  4:47  Extractor  
  74  4:49  Roach Warren  
  72  4:55  Overlord x4  
  72  5:00  Extractor  
  72  5:03  Evolution Chamber  
  72  5:05  Evolution Chamber  
  69  5:17  Overlord x2  
  69  5:18  Hatchery  
  68  5:24  Lair  
  68  5:28  Extractor  
  67  5:29  Drone x7  
  67  5:30  Drone x5  
  67  5:31  Extractor  
  73  5:47  Drone  
  73  5:48  Drone x9  
  81  5:55  Zergling x4  
  83  6:07  Extractor  
  83  6:08  Zerg Ground Armor Level 1, Zerg Missile Weapons Level 1  
  82  6:16  Drone x2  
  84  6:22  Drone  
  85  6:30  Drone x3  
  85  6:32  Drone  
  89  6:33  Roach x6  
  89  6:34  Overlord, Roach x3  
  107  6:40  Glial Reconstitution  
  107  6:42  Roach x2  
  107  6:43  Roach x4  
  119  6:59  Roach  
  119  7:00  Roach x4  
  119  7:01  Overlord x4  
  125  7:09  Roach  
  125  7:15  Overlord x4  
  126  7:20  Roach  
  126  7:21  Roach x8  
  144  7:24  Ravager x2  
  144  7:25  Ravager x2  
  148  7:35  Roach  
  148  7:36  Roach x7  
  158  7:47  Roach  
  158  7:48  Roach x7  
  168  7:58  Roach  
  168  7:59  Roach x6  
  180  8:07  Roach  
  180  8:08  Roach x2  
  180  8:09  Overlord  
  184  8:22  Roach  
  184  8:23  Roach x4  
  183  8:38  Zerg Missile Weapons Level 2  
  183  8:43  Infestation Pit  
  131  9:11  Drone x2  
  131  9:12  Drone x11  
  131  9:13  Roach x2  
  131  9:14  Roach x9  
  152  9:20  Hive  
  126  9:24  Zerg Ground Armor Level 2  
  126  9:29  Roach  
  126  9:30  Roach x9  
  132  9:43  Spore Crawler  
  131  9:45  Spine Crawler  
  131  9:46  Spore Crawler, Spine Crawler  
  131  9:47  Spine Crawler  
  131  9:48  Spine Crawler  
  131  9:51  Overseer x2  
  123  9:53  Pneumatized Carapace, Extractor x2  
  123  9:57  Roach  
  123  9:58  Drone x4  
  123  9:59  Drone x7  
  134  10:01  Overlord  
  134  10:13  Drone, Hatchery  
  137  10:14  Drone x5  
  137  10:19  Roach, Hydralisk Den  
  137  10:20  Roach x5  
  150  10:38  Roach  
  150  10:39  Roach x8  
  150  10:41  Ravager  
  150  10:42  Ravager x7  
  176  10:56  Hydralisk  
  176  10:57  Hydralisk x6  
  176  11:10  Roach  
  176  11:11  Roach x9  
  172  11:16  Hydralisk x3  
  150  11:23  Hydralisk x3  
  152  11:28  Hydralisk  
  152  11:29  Hydralisk x2  
  152  11:45  Roach x9  
  152  11:46  Roach x4  
  166  11:53  Overlord x2  
  162  12:04  Hatchery  
  162  12:08  Hydralisk x6  
  173  12:18  Zerg Missile Weapons Level 3  
  173  12:21  Zerg Ground Armor Level 3  
  173  12:35  Drone x9  
  173  12:36  Hydralisk  
  182  12:37  Hydralisk x2  
  188  12:55  Roach x6  
  188  13:11  Roach x7  
  188  13:12  Roach  
  181  13:15  Hydralisk x5  
  181  13:16  Hydralisk  
  163  13:22  Roach x4  
  163  13:23  Roach x2  
  157  13:27  Queen  
  157  13:29  Roach  
  157  13:30  Roach x3  
  165  13:36  Hydralisk x2  
  165  13:37  Hydralisk x2  
  158  13:41  Hydralisk  
  158  13:42  Hydralisk x3  
  159  13:52  Hydralisk x5  
  160  13:59  Roach  
  160  14:00  Roach x3  
  160  14:16  Roach x4  
  160  14:17  Roach  
  170  14:22  Lurker Den  
  170  14:23  Hatchery  
  144  14:35  Roach  
  144  14:36  Roach x8  
  132  14:41  Hydralisk  
  132  14:42  Hydralisk x2  
  128  14:56  Hydralisk x5  
  128  14:57  Hydralisk  
  140  15:03  Roach x3  
  146  15:13  Zergling x2  
  126  15:14  Zergling x14  
  126  15:22  Roach x3  
  127  15:28  Roach  
  127  15:29  Roach x2  
  127  15:33  Drone x3  
  134  15:43  Drone x2  
  134  15:44  Drone x5  
Show
View Real Time Build Order
Export as new Build Order

IIIIIIIIIIII Terran - Winner!

Build Orders: Reaper Expand 

Get SALT Encoding   

  12  0:00  SCV  
  13  0:12  SCV  
  14  0:17  Supply Depot  
  14  0:24  SCV  
  15  0:39  SCV  
  15  0:40  Barracks  
  16  0:45  Refinery  
  16  0:51  SCV  
  17  1:03  SCV  
  18  1:15  SCV  
  19  1:27  Orbital Command  
  19  1:29  Reaper  
  20  1:42  Command Center  
  20  1:53  SCV  
  21  2:03  Barracks Reactor  
  21  2:05  SCV  
  22  2:08  Supply Depot  
  22  2:12  Bunker  
  22  2:17  SCV  
  23  2:30  SCV  
  23  2:33  Factory  
  24  2:42  SCV  
  25  2:47  Marine  
  25  2:48  Marine  
  27  2:58  Orbital Command  
  27  3:03  SCV  
  28  3:07  Marine x2  
  30  3:15  SCV  
  30  3:16  Refinery  
  30  3:19  Factory Tech Lab  
  31  3:22  Starport  
  31  3:24  SCV  
  32  3:28  SCV  
  33  3:36  SCV  
  33  3:40  SCV  
  35  3:45  Marine  
  35  3:46  Hellion x2  
  40  3:48  SCV  
  40  3:50  Stimpack  
  40  3:52  SCV  
  42  3:58  Supply Depot  
  42  4:00  SCV  
  43  4:04  SCV  
  43  4:05  Medivac  
  46  4:13  Supply Depot  
  46  4:15  Command Center  
  46  4:19  Marine  
  46  4:20  SCV x2  
  46  4:21  Hellion x2  
  53  4:32  SCV  
  53  4:35  SCV  
  53  4:36  Supply Depot  
  53  4:37  Medivac  
  57  4:38  Marine  
  57  4:44  Hellion, SCV  
  61  4:47  SCV  
  62  4:57  SCV  
  62  4:58  Hellion  
  62  4:59  SCV, Marine, Supply Depot  
  67  5:00  Supply Depot  
  67  5:08  Refinery  
  67  5:09  SCV, Refinery  
  67  5:11  SCV  
  69  5:20  Marine  
  74  5:21  Medivac, Hellion x2  
  74  5:22  SCV  
  74  5:23  SCV  
  74  5:27  Orbital Command, Supply Depot  
  78  5:31  Engineering Bay  
  74  5:51  Hellion, Marine  
  74  5:52  Hellion  
  79  5:58  SCV  
  79  5:59  SCV x2  
  82  6:08  Engineering Bay  
  82  6:10  SCV  
  82  6:11  Medivac, SCV x2, Marine  
  86  6:17  Barracks x4  
  88  6:23  SCV x2  
  88  6:24  SCV  
  91  6:29  Armory  
  91  6:35  SCV x2  
  91  6:36  SCV  
  91  6:37  Terran Infantry Weapons Level 1  
  91  6:38  Terran Infantry Armor Level 1  
  94  6:44  Supply Depot  
  94  6:45  Marine  
  94  6:46  Combat Shield, Medivac  
  97  6:47  SCV x2  
  97  6:49  Widow Mine x2, SCV  
  104  6:59  SCV x2  
  107  7:01  SCV  
  107  7:12  SCV x2, Supply Depot  
  109  7:17  Barracks Tech Lab  
  109  7:18  Barracks Tech Lab x2  
  109  7:25  Marauder  
  109  7:27  Barracks Tech Lab, Factory Tech Lab  
  107  7:46  Marauder  
  97  7:52  Siege Tank, Marauder x4  
  104  8:00  SCV x3  
  107  8:06  Barracks  
  107  8:08  Barracks, Marauder  
  107  8:10  Barracks  
  107  8:12  Terran Vehicle And Ship Armor Level 1  
  109  8:13  Barracks, Marauder x3  
  109  8:14  Marauder  
  88  8:29  Marauder  
  87  8:34  Siege Tank, Marine, Marauder  
  87  8:35  Marauder x2  
  96  8:45  Terran Infantry Weapons Level 2  
  96  8:50  Marauder  
  96  8:52  Marauder  
  96  8:53  Orbital Command  
  97  8:56  Marauder x3  
  97  9:01  Barracks Tech Lab x4  
  77  9:12  SCV x2, Marauder  
  77  9:14  Marauder  
  70  9:17  Marauder x2  
  70  9:18  Marauder  
  70  9:21  SCV  
  70  9:24  SCV x2  
  70  9:33  SCV  
  70  9:36  SCV x2  
  73  9:42  Supply Depot  
  73  9:45  SCV  
  72  9:48  SCV x2  
  72  9:51  Marauder x2  
  72  9:52  Marine, Marauder x6  
  90  9:54  Siege Tank  
  90  9:55  Medivac x2  
  90  9:57  SCV  
  99  10:00  SCV x2  
  101  10:09  SCV  
  101  10:10  Marine  
  101  10:12  SCV, Marine x3  
  101  10:13  SCV, Marine x3  
  109  10:17  Engineering Bay  
  109  10:25  Supply Depot  
  109  10:27  Terran Vehicle And Ship Armor Level 2, Supply Depot  
  109  10:28  Supply Depot  
  109  10:46  Marine x6, Supply Depot  
  109  10:47  SCV x2  
  109  10:48  SCV, Marine x3  
  121  10:59  Siege Tank, SCV x2  
  121  11:00  SCV  
  120  11:04  Marine x4  
  120  11:10  Marine x2, Marauder x2  
  120  11:11  Marauder  
  105  11:19  SCV x3  
  105  11:22  Terran Infantry Weapons Level 3, Terran Infantry Armor Level 2, Marine x2  
  105  11:23  Marauder x2  
  114  11:31  Siege Tank, SCV  
  112  11:40  Command Center  
  112  11:44  Marine x4, Marauder x4  
  112  11:45  Marine  
  98  11:59  Medivac  
  100  12:01  Medivac  
  100  12:02  Marine x5  
  100  12:05  Marauder x2  
  100  12:06  Marauder x2  
  115  12:09  Refinery x2  
  115  12:17  Siege Tank  
  115  12:20  Marine x4, Marauder  
  124  12:26  Marine x3, Supply Depot  
  124  12:27  Marine  
  124  12:29  Supply Depot  
  128  12:34  Medivac  
  130  12:38  Marine x4  
  130  12:40  SCV x2  
  130  12:41  SCV, Marine  
  138  12:44  Marine x3  
  138  12:49  Terran Vehicle And Ship Armor Level 3  
  141  12:52  SCV, Marine  
  141  12:53  SCV  
  141  12:55  Marine x2  
  141  12:56  Marine  
  144  13:09  Planetary Fortress  
  136  13:18  Marauder x6  
  133  13:30  Marauder x3  
  139  13:35  Medivac  
  139  13:39  Marauder x4  
  142  13:59  Marine x4  
  142  14:00  Marine x5  
  142  14:01  Siege Tank  
  154  14:04  SCV x4  
  158  14:14  Medivac x2  
  158  14:16  SCV x3  
  165  14:17  Marine  
  149  14:32  Marauder x3  
  149  14:33  Siege Tank, Marauder  
  149  14:34  Marine  
  145  14:56  Marauder x3  
  145  14:57  Marine x2  
  153  15:05  Siege Tank  
  147  15:14  Marauder  
  147  15:15  Marauder x4  
  149  15:27  Marine, Marauder x3  
  151  15:34  Medivac x2  
  155  15:37  Siege Tank  
  155  15:40  Marine x2  
Tags
 
Add a new tag
Caveats
  • Supply blocks, unpowered buildings, or Contaminate may cause inaccurate times.
  • Supply counts are checked every 10 seconds.